 Dungeon Crawl Stone Soup version 0.24.0-7-gb3623d2c88 (webtiles) character file.

Game seed: 15402065370813246731, levelgen mode: deterministic

84 ANON1729 the Chiller (level 4, -2/30 HPs)
             Began as a Demonspawn Ice Elementalist on Nov 2, 2019.
             Slain by Sigmund
             ... wielding a +2 scythe of venom
              (5 damage)
             ... on level 3 of the Dungeon.
             The game lasted 00:02:51 (2439 turns).

ANON1729 the Chiller (Demonspawn Ice Elementalist)  Turns: 2439, Time: 00:02:52

Health: -2/30      AC:  4    Str: 13    XL:     4   Next: 24%
Magic:  8/8        EV: 18    Int: 17    God:
Gold:   125        SH:  0    Dex: 19    Spells: 7/8 levels left

rFire    . . .     SeeInvis .   f - +4 dagger
rCold    . . .     Gourm    .   (no shield)
rNeg     . . .     Faith    .   a - +0 robe
rPois    .         Spirit   .   (no helmet)
rElec    .         Reflect  .   (no cloak)
rCorr    .         Harm     .   (no gloves)
MR       .....                  (no boots)
Stlth    +++.......             (no amulet)
HPRegen  0.10/turn              (no ring)
MPRegen  0.11/turn              (no ring)

@: mighty, agile, lethally poisoned (-2 -> -8)
A: claws 1, molten scales 1, powered by pain 1
a: no special abilities


You were on level 3 of the Dungeon.
You were not hungry.

You visited 1 branch of the dungeon, and saw 3 of its levels.

You collected 125 gold pieces.

Inventory:

Hand Weapons
 e - a +0 whip
 f - a +4 dagger (weapon)
 p - a cursed +0 mace
 s - a +0 mace of protection
Armour
 a - a +0 robe (worn)
Scrolls
 h - a scroll of fog {unknown}
 i - a scroll of identify {unknown}
 j - 4 scrolls of teleportation {unknown}
 l - a scroll of enchant weapon {unknown}
 m - a scroll of amnesia {unknown}
 n - 2 scrolls of blinking {unknown}
 o - 2 scrolls of magic mapping {unknown}
 r - a scroll of remove curse {unknown}
Potions
 d - a potion of curing {unknown}
 g - a potion of ambrosia {unknown}
 k - a potion of flight {unknown}
 q - a potion of mutation {unknown}
 t - a potion of berserk rage {unknown}
Comestibles
 c - 3 rations


   Skills:
 + Level 2.3 Dodging
 + Level 2.3 Stealth
 * Level 2.9 Spellcasting
   Level 1.0 Conjurations
 * Level 3.4 Ice Magic


You had 7 spell levels left.
You knew the following spells:

 Your Spells              Type           Power        Failure   Level  Hunger
a - Freeze                Ice            ##..         4%          1    #......

Your spell library contained the following spells:

 Spells                   Type           Power        Failure   Level  Hunger
 Throw Frost              Conj/Ice       ##....       11%         2    ##.....
 Magic Dart               Conj           #...         12%         1    #......
 Blink                    Tloc           N/A          26%         2    ##.....
 Call Imp                 Summ           #.......     26%         2    ##.....
 Slow                     Hex            #.......     26%         2    ##.....
 Ozocubu's Armour         Chrm/Ice       #.......     26%         3    ###....
 Conjure Flame            Conj/Fire      #.......     41%         3    ###....
 Mephitic Cloud           Conj/Pois/Air  #.......     43%         3    ###....
 Throw Icicle             Conj/Ice       ##......     56%         4    #####..
 Summon Ice Beast         Ice/Summ       #.......     65%         4    #####..


Dungeon Overview and Level Annotations

Branches:
Dungeon (3/15)

Altars:
Dithmenos
Wu Jian

Annotations:
D:3 Sigmund


Innate Abilities, Weirdness & Mutations

You have sharp fingernails.
You are partially covered in molten scales. (AC +2)
You sometimes gain a little power by taking damage.


Message History

You feel sick.
Sigmund casts a spell.
Sigmund flickers and vanishes!
Deactivating autopickup; reactivate with Ctrl-A.
Casting: Freeze (safe; 4% risk of failure)
Confirm with . or Enter, or press ? or * to list all spells.
Aiming: Freeze (safe; 4% risk of failure)
Press: ? - help, Shift-Dir - straight line You freeze something.
You hear some strange, mumbled words.
A puff of flame appears from out of thin air!
The puff of flame hits you!
* * * LOW HITPOINT WARNING * * *
You focus on the pain.
You feel your power returning.
Unknown command.
It was a potion of might.
You feel very mighty all of a sudden.
* * * LOW HITPOINT WARNING * * *
You feel sick. Something hits you.
You die...

#.# #.# #.# #.#########
#.#...?...# #.#.#####{#
#.#.#####@######
##.#.#..........#
#######..........####.#
...........#.#####
#######......# ##.#####
#### #.# ...# #.# ##.#
#+#


There were no monsters in sight!

Vanquished Creatures
  3 adders
  2 dart slugs
  An orc (D:3)
  4 bats
  4 giant cockroaches (D:1)
  9 hobgoblins
  7 kobolds
  2 ball pythons (D:1)
  2 frilled lizards
  8 goblins
  10 rats
52 creatures vanquished.

Notes
Turn   | Place    | Note
-------+----------+-------------------------------------------
     0 | D:1      | ANON1729 the Demonspawn Ice Elementalist began the quest
                  | for the Orb.
     0 | D:1      | Reached XP level 1. HP: 13/13 MP: 3/3
    16 | D:1      | Found an ornate altar of the Wu Jian Council.
   364 | D:1      | Gained mutation: You sometimes gain a little power by
                  | taking damage. [demonic ancestry]
   364 | D:1      | Reached XP level 2. HP: 19/19 MP: 5/5
   547 | D:1      | Reached skill level 3 in Ice Magic
   983 | D:1      | Gained mutation: You are partially covered in molten
                  | scales. (AC +2) [demonic ancestry]
   983 | D:1      | Reached XP level 3. HP: 22/24 MP: 6/6
  1925 | D:2      | Gained mutation: You have sharp fingernails. [demonic
                  | ancestry]
  1925 | D:2      | Reached XP level 4. HP: 30/30 MP: 8/8
  2267 | D:3      | Found a shadowy altar of Dithmenos.
  2426 | D:3      | Noticed Sigmund
  2439 | D:3      | Slain by Sigmund

Levels and vault maps discovered:
D:1:      lemuel_arrival_room, layout_loops_corners, minmay_misc_feat_rows,
          minmay_hexomino_r4
D:2:      layout_basic
D:3:      layout_loops_corners, nicolae_dithmenos_through_a_glass_darkly,
          uniq_sigmund, uniq_crazy_yiuf_cottage

Skill      XL: |  1  2 |
---------------+-------+-----
Stealth        | 2 |  2.3
Ice Magic      | 3 |  3.4
Dodging        | 2 |  2.3
Spellcasting   | |  2.9
Conjurations   | |  1.0

Action                   |  1- 3 |  4- 6 || total
-------------------------+-------+-------++-------
Melee: Whip              |     8 |       ||     8
       Dagger            |    99 |    29 ||   128
       Unarmed           |     4 |       ||     4
 Cast: Freeze            |     6 |     2 ||     8
  Use: Potion            |       |     1 ||     1
 Stab: Sleeping          |     8 |     3 ||    11
  Eat: Chunk             |     3 |     2 ||     5
Armor: Robe              |    25 |    18 ||    43
Dodge: Dodged            |    53 |    25 ||    78
